 Dungeon Crawl Stone Soup version 0.29-a0-380-gf50f0a9fbc (webtiles) character file.

Game seed: 10494873297766396003

119 Hubjo the Firebug (level 4, -1/26 HPs)
             Began as a Deep Elf Fire Elementalist on May 5, 2022.
             Slain by an adder (5 damage)
             ... on level 3 of the Dungeon.
             The game lasted 00:04:41 (4870 turns).

Hubjo the Firebug (Deep Elf Fire Elementalist)      Turns: 4870, Time: 00:04:41

Health: -1/26      AC:  2    Str:  3    XL:     4   Next: 74%
Magic:  9/12       EV: 13    Int: 26    God:
Gold:   82         SH:  0    Dex: 17    Spells: 6/11 levels left

rFire   . . .      SeeInvis .   m - +0 short sword
rCold   . . .      Faith    .   (no shield)
rNeg    . . .      Spirit   .   a - +0 robe
rPois   .          Reflect  .   (no helmet)
rElec   .          Harm     .   (no cloak)
rCorr   .          Rampage  .   (no gloves)
Will    .....                   (no boots)
Stlth   +++.......              (no amulet)
HPRegen 0.08/turn               l - +6 ring of intelligence
MPRegen 0.13/turn               (no ring)

@: lethally poisoned (-1 -> -8)
A: mutation resistance 1, weak 1
a: no special abilities


You were on level 3 of the Dungeon.
You visited 1 branch of the dungeon, and saw 3 of its levels.

You collected 82 gold pieces.

Inventory:

Hand Weapons
 m - a +0 short sword (weapon)
Missiles
 h - a throwing net
Armour
 a - a +0 robe (worn)
Magical Staves
 i - a staff of air
Jewellery
 l - a +6 ring of intelligence (left hand)
Scrolls
 c - 2 scrolls of identify {unknown}
 d - 2 scrolls of poison {unknown}
 f - a scroll of vulnerability {unknown}
 k - 2 scrolls of teleportation {unknown}
 n - 2 scrolls of noise {unknown}
 q - 2 scrolls of enchant weapon {unknown}
Potions
 b - a potion of magic
 e - a potion of lignification
 g - a potion of berserk rage {unknown}
 j - a potion of ambrosia {unknown}
 o - 2 potions of brilliance {unknown}
 p - a potion of invisibility {unknown}
 r - a potion of attraction {unknown}


   Skills:
 + Level 2.0 Fighting
 - Level 2.4 Dodging
 + Level 3.5 Stealth
 + Level 4.0 Spellcasting
 - Level 1.1 Conjurations
 * Level 4.1 Fire Magic


You had 6 spell levels left.
You knew the following spells:

 Your Spells              Type           Power      Damage    Failure   Level
a - Foxfire               Conj/Fire      72%        2x1d7     3%          1
b - Flame Wave            Conj/Fire      18%        2d6       28%         4

Your spell library contained the following spells:

 Spells                   Type           Power      Damage    Failure   Level
 Scorch                   Fire           52%        2d8       2%          2
 Beastly Appendage        Tmut           10%        N/A       9%          1
 Conjure Flame            Conj/Fire      18%        6-21      9%          3
 Inner Flame              Hex/Fire       15%        N/A       11%         3
 Blink                    Tloc           10%        N/A       13%         2
 Wereblood                Tmut           5%         N/A       13%         2
 Spider Form              Tmut/Pois      5%         N/A       26%         3
 Leda's Liquefaction      Hex/Erth       2%         N/A       63%         4
 Lee's Rapid Deconstruct  Erth           2%         3d6*      93%         5
 Manifold Assault         Tloc           5%         N/A       93%         5
 Statue Form              Tmut/Erth      3%         N/A       100%        6
 Storm Form               Tmut/Air       2%         N/A       100%        7


Dungeon Overview and Level Annotations

Branches:
Dungeon (3/15)

Altars:
Gozag

Shops:
D:2 *


Innate Abilities, Weirdness & Mutations

You are somewhat resistant to further mutation.
You are weak. (Str -2)


Message History

d - 2 scrolls labelled TAUMYJ GYAMAPH (gained 1)
An adder comes into view.
Gozag incites the adder against you.
The adder hisses angrily.
The adder goes berserk!
The adder barely misses you.
An adder is nearby!
An adder is nearby!
You conjure some foxfire!
The adder bites you.
You are poisoned.
The adder poisons you! The adder closely misses you.
You conjure some foxfire!
You feel sick. The adder bites you.
You are more poisoned.
The adder poisons you! The adder bites you.
You are too injured to fight recklessly!
Your foxfire dissipates!
You feel sick.
The foxfire hits the adder.
The adder is lightly wounded.
The foxfire hits the adder.
The adder is moderately wounded.
The foxfire hits the adder.
The adder is heavily wounded.
The adder misses you.
You feel sick. The adder bites you.
You are lethally poisoned!
The adder poisons you!
You are too injured to fight recklessly!
Casting: Foxfire (safe; 3% risk of failure)
Confirm with . or Enter, or press ? or * to list all spells.
You conjure some foxfire!
* * * LOW HITPOINT WARNING * * *
You feel sick. The adder closely misses you. x2
You hit the adder.
The adder is heavily wounded.
* * * LOW HITPOINT WARNING * * *
You feel sick.
The foxfire hits the adder.
The adder is almost dead.
The foxfire hits the adder.
The adder is almost dead.
The adder closely misses you. The adder bites you.
You die...

.........# #.
#######..## #. #..#.
#. ############..#.
#.# #............§#.
.. #.8.8.######..#.
#. ###)#'#.### ##.#.
#.##...#.# ..# #.#.
#..S@###.###.## #.#.
#.#..#8...8#..# #.#.
#.##.#§._..#..# #.#.
#. #.#8..)8#..# #)#
#. #.###.###..####.#.
#. #.. #.#..........)
#.###..#'#§####.##.#.
#......8.8.# #.##.##
#####.....####.##.#


You could see an adder (berserk, incited).

Vanquished Creatures
  7 adders
  A worm (D:2)
  2 dart slugs (D:1)
  2 orcs (D:3)
  4 endoplasms
  4 giant cockroaches
  2 goblins
  3 hobgoblins
  2 jackals (D:3)
  2 quokkas
  3 ball pythons
  4 bats
  3 frilled lizards
  5 kobolds
  5 rats
49 creatures vanquished.

Vanquished Creatures (others)
  274 foxfires
274 creatures vanquished.

Grand Total: 323 creatures vanquished

Notes
Turn   | Place    | Note
-------+----------+-------------------------------------------
     0 | D:1      | Hubjo the Deep Elf Fire Elementalist began the quest for
                  | the Orb.
     0 | D:1      | Reached XP level 1. HP: 10/10 MP: 6/6
   460 | D:1      | Reached XP level 2. HP: 14/16 MP: 5/8
   768 | D:1      | Reached skill level 1 in Fighting
   880 | D:1      | You fall into a shaft and drop 1 floor!
   962 | D:2      | Found Quvaor's General Store.
  1770 | D:2      | Reached XP level 3. HP: 12/20 MP: 0/10
  2188 | D:2      | Reached XP level 4. HP: 19/26 MP: 6/11
  2972 | D:2      | Gained mutation: You are somewhat resistant to further
                  | mutation. [potion of mutation]
  2972 | D:2      | Gained mutation: You are weak. (Str -2) [potion of
                  | mutation]
  3889 | D:2      | Learned a level 4 spell: Flame Wave
  4802 | D:3      | Found a faded altar of an unknown god.
  4814 | D:3      | Prayed at the altar of an unknown god.
  4814 | D:3      | Became a worshipper of Gozag Ym Sagoz the Greedy
  4815 | D:3      | Fell from the grace of Gozag
  4870 | D:3      | Slain by an adder

Illustrated notes

Levels and vault maps discovered:
D:1:      dpeg_arrival_boxes_within_box, layout_loops_corners, minivault_25
D:2:      layout_basic, serial_shops, nicolae_shop_waterfront
D:3:      layout_loops_ring, dreamdust_ecumenical_altar_angels_and_demons

Skill      XL: |  1  2  3  4 |
---------------+-------------+-----
Fighting       | 1 2 |  2.0
Stealth        | 3 |  3.5
Fire Magic     | 4 |  4.1
Spellcasting   | 4 |  4.0
Dodging        | |  2.4
Conjurations   | |  1.1

Action                   |  1- 3 |  4- 6 || total
-------------------------+-------+-------++-------
Melee: Unarmed           |     1 |     1 ||     2
       Short sword       |       |     3 ||     3
 Cast: Foxfire           |   108 |    86 ||   194
Invok: Renounce Religion |       |     1 ||     1
  Use: Potion            |       |     2 ||     2
Armor: Robe              |     9 |     3 ||    12
Dodge: Dodged            |    11 |    34 ||    45

Table legend: (Time is in decaauts)
 A = Elapsed time spent in this place.
 B = Non-inter-level travel time spent in this place.
 C = Inter-level travel time spent in this place.
 D = Time resting spent in this place.
 E = Time spent auto-exploring this place.
 F = Levels seen in this place.
 G = Mean time per level.
                   A        B        C        D        E       F      G
               +--------+--------+--------+--------+--------+-----+--------+
         Total |   4869 |   4790 |     79 |      0 |   4299 |   3 | 1623.0 |
       Dungeon |   4869 |   4790 |     79 |      0 |   4299 |   3 | 1623.0 |
               +--------+--------+--------+--------+--------+-----+--------+

Top non-repeatable levels by time:
     D:2: 2259 daAuts
     D:1: 1630 daAuts
     D:3: 979 daAuts
